AoeStats
← ING.PATRICK

Arabia

503539836Analyzed
1v1 RM · 1mo ago on Sep 1, 2026· 23m 6s· 2 players
Game mode
Random Map
Map size
Tiny (2 player)
Population
200
Speed
Normal
Resources
Standard
Victory
Conquest
Starting age
Dark Age
Ending age
Imperial Age
RankedLock teamsTeams togetherTeam positionsShared explorationLock speedFull tech treeHidden civsTurbo modeCheats
Victory
Defeat
🇵🇪 Saracens · Peru
1012
+24
🇨🇱 Bulgarians · Chile
990
-15
Shaggy
7:19 Loom
11:01 Feudal Age
22:37 Fletching
ING.PATRICK
6:40 Loom
8:53 Feudal Age
9:23 Double-Bit Axe
12:22 Fletching
17:37 Horse Collar
21:19 Castle Age
19:51 Padded Archer Armor
21:11 Gold Mining
21:32 Crossbowman
22:00 Town Watch
22:14 Bodkin Arrow
Connection lost

Rejoining the realm…

Still unreachable

The connection could not be restored.

Session expired

The server has moved on; the page needs a fresh start.